 Dungeon Crawl Stone Soup version 0.31-a0-564-g3b7de120b3 (webtiles) character file.

Game seed: 16653989375407257276

228 Duck the Changeling (level 5, 0/23 HPs)
             Began as a Felid Shapeshifter on Aug 17, 2023.
             Was an Initiate of Wu Jian.
             Slain by a killer bee (7 damage)
             ... on level 4 of the Dungeon.
             The game lasted 00:09:23 (3669 turns).

Duck the Changeling (Felid Shapeshifter)            Turns: 3669, Time: 00:09:24

Health: 0/23       AC:  1    Str: 11    XL:     5   Next: 70%
Magic:  6/6        EV: 19    Int:  9    God:    Wu Jian [......]
Gold:   237        SH:  0    Dex: 19    Spells: 4/4 levels left
                                        Lives:  0   Deaths: 1

rFire   . .          .
                       - Unarmed
rCold   . . .        (shield unavailable)
rNeg    . . .        (body armour unavailable)
rPois   .            (helmet unavailable)
rElec   .            (cloak unavailable)
rCorr   .            (gloves unavailable)
SInv    +            (boots unavailable)
Will    .....        (no amulet)
Stlth   +++          n - +4 ring of slaying
HPRegen 0.23/turn    (no ring)
MPRegen 0.10/turn

%: no passive effects
@: beast-form, quick
A: beast (slay +3), very small, claws 1, fangs 3, see invisible, speed 1, shaggy
fur 1, stealthy paws, no weapons or thrown items, no armour, multi-lived
a: Begin Untransformation, Renounce Religion


You were on level 4 of the Dungeon.
You worshipped Wu Jian.
Wu Jian was noncommittal.
You were a hulking beast.
You visited 2 branches of the dungeon, and saw 6 of its levels.

You collected 237 gold pieces.

Inventory:

Jewellery
 e - an amulet of faith
 n - a +4 ring of slaying (left paw)
Talismans
 b - a beast talisman (active)
 c - a flux talisman
 g - a blade talisman
Scrolls
 i - a scroll of poison
 l - 2 scrolls of noise
Potions
 a - a potion of lignification
 d - a potion of resistance
 f - 2 potions of curing
 h - a potion of ambrosia {unknown}
 m - a potion of degeneration


   Skills:
 + Level 2.6 Fighting
 * Level 4.5 Dodging
 * Level 3.8 Stealth
 - Level 3.3 Unarmed Combat
 * Level 4.6 Shapeshifting


You had 4 spell levels left.
You didn't know any spells.
Your spell library contained the following spells:

 Spells                   Type           Power      Damage    Failure   Level
 Frozen Ramparts          Ice            0%         1d1       77%         3
 Petrify                  Tmut/Erth      0%         N/A       99%         4
 Metabolic Englaciation   Hex/Ice        0%         N/A       100%        5


Dungeon Overview and Level Annotations

Branches:
Dungeon (5/15)             Temple (1/1) D:4

Altars:
Ashenzari
Cheibriados
Elyvilon
Fedhas
Gozag
Hepliaklqana
Makhleb
Okawaru
Qazlal
Ru
Uskayaw
Wu Jian
The Shining One

Shops:
D:2 [


Innate Abilities, Weirdness & Mutations

You are a hulking beast.
Your limbs bulge with bestial killing power. (Slay +3)
You have sharp claws.
You have razor-sharp teeth.
You have supernaturally acute eyesight. (SInv)
You cover ground quickly. (Speed+)
You are covered in fur. (AC +1)
Your paws help you pounce on unaware monsters.
You are incapable of wielding weapons or throwing items.
You cannot wear armour.
You gain extra lives every three experience levels.


Message History

A killer bee comes into view.
You lunge at the killer bee.
The killer bee buzzes angrily. x2
You claw the killer bee!
The killer bee is heavily wounded.
The killer bee stings you!
You miss the killer bee.
The killer bee is heavily wounded.
The killer bee completely misses you. The killer bee misses you.
A jelly comes into view.
You scratch the killer bee.
The killer bee is almost dead.
The killer bee misses you. x2
You scratch the killer bee.
You kill the killer bee!
The Council accepts your kill.
A killer bee comes into view.
The killer bee closely misses you.
The killer bee attacks as you move away!
The killer bee misses you. x2
The killer bee misses you. The killer bee completely misses you.
You see here a potion of curing.
The killer bee stings you!
The killer bee attacks as you move away!
The killer bee stings you.
* * * LOW HITPOINT WARNING * * *
There is a stone staircase leading up here.
The killer bee completely misses you. x2; The killer bee barely misses you.
You climb upwards.
There is a stone staircase leading down here.
You claw the killer bee! You bite the killer bee.
The killer bee is severely wounded.
The killer bee misses you. The killer bee closely misses you.
You closely miss the killer bee. You bite the killer bee.
The killer bee is almost dead.
The killer bee misses you. The killer bee closely misses you.
You miss the killer bee.
The killer bee is almost dead.
The killer bee stings you!
You die...

#......##..#####'##.....#####
#####'###..# #...>......#....
#......#..#######.......'....
#......'..#.....#.......#....
#.....)#..#.._..#.......#....
##.....##.#.....#.......#....
#..######.#⌠#.#⌠#..##########
#####......##.###.###..#...#.....
.....#.....##...h......#...#.....
.....#.........y.#.....#...+.....
.....#...........#.....#...#.....
.....#<..........#.....#...#.....
.....#.....##....#.....#...>#####
######.....#######.....###..#
....##.....##....######.....#
......................#.....#
......................#.....#


You could see a killer bee.

Vanquished Creatures
  A killer bee (D:5)
  A hound (D:4)
  An iguana (D:4)
  4 gnolls (D:3)
  4 adders
  An ufetubus (D:4)
  5 worms
  2 dart slugs
  5 orcs
  8 ball pythons
  11 endoplasms
  3 giant cockroaches
  8 hobgoblins
  A jackal (D:3)
  8 kobolds
  4 quokkas
  3 bats
  4 frilled lizards
  8 goblins
  9 rats
91 creatures vanquished.

Notes
Turn   | Place    | Note
-------+----------+-------------------------------------------
     0 | D:1      | Duck the Felid Shapeshifter began the quest for the Orb.
     0 | D:1      | Reached XP level 1. HP: 9/9 MP: 2/2
   152 | D:1      | Reached XP level 2. HP: 4/12 MP: 3/3
   400 | D:1      | Reached XP level 3. HP: 14/15 MP: 4/4
  1063 | D:2      | Reached skill level 1 in Stealth
  1122 | D:2      | Found a faded altar of an unknown god.
  1135 | D:2      | Reached XP level 4. HP: 19/19 MP: 5/5
  1334 | D:2      | Found Xoitwafi's Antique Armour Emporium.
  1636 | D:3      | Found an opulent altar of Gozag.
  1676 | D:3      | Found a broken altar of Ashenzari.
  1704 | D:3      | Found a blossoming altar of Fedhas.
  2115 | D:3      | Found a burning altar of Makhleb.
  2117 | D:3      | Noticed a balrug
  2154 | D:3      | Mangled by a gnoll
  2155 | D:3      | Reached XP level 3. HP: -7/16 MP: 4/4
  2176 | D:3      | Reached XP level 4. HP: 11/19 MP: 5/5
  2716 | D:4      | Found a white marble altar of Elyvilon.
  2855 | D:4      | Reached XP level 5. HP: 23/23 MP: 6/6
  3172 | D:4      | Found a staircase to the Ecumenical Temple.
  3424 | D:5      | Entered Level 5 of the Dungeon
  3486 | Temple   | Entered the Ecumenical Temple
  3566 | Temple   | Became a worshipper of the Wu Jian Council
  3669 | D:4      | Slain by a killer bee

Illustrated notes

Levels and vault maps discovered:
D:1:      onia_arrival_mini_maze_b, layout_loops_ring
D:2:      layout_rooms, serial_shops, shop, shapermc_ecumenical_altar_venn
D:3:      cheibrodos_helix_gallery, layout_basic, makhleb_altar_promises_db,
          nicolae_overflow_crystal_walls,
          nicolae_gozag_cash_rules_everything_around_me, ashenzari_altar_1,
          minmay_checkerbox
D:4:      layout_gridville, mainiacjoe_overflow_alcove_2, temple_hall,
          roderic_roman_lattice
D:5:      layout_layer_cave, mainiacjoe_overflow_chevrons, nrook_mini_backslash,
          minivault_11, uniq_eustachio
Temple:   nicolae_temple_bog_church

Skill      XL: |  1  2  3  4 |
---------------+-------------+-----
Dodging        | 3 4 |  4.5
Stealth        | 1 3 |  3.8
Shapeshifting  | 4 |  4.6
Fighting       | 2 |  2.6
Unarmed Combat | |  3.3

Action                     |  1- 3 |  4- 6 || total
---------------------------+-------+-------++-------
  Melee: Unarmed           |    77 |   104 ||   181
         Bite              |     8 |    12 ||    20
         Punch             |     2 |     3 ||     5
Ability: Lunge             |       |     1 ||     1
    Use: Scroll            |       |     9 ||     9
   Stab: Sleeping          |     3 |    17 ||    20
         Distracted        |       |     1 ||     1
 Armour: Skin              |     1 |     2 ||     3
  Dodge: Dodged            |    61 |    82 ||   143

Table legend: (Time is in decaauts)
 A = Elapsed time spent in this place.
 B = Non-inter-level travel time spent in this place.
 C = Inter-level travel time spent in this place.
 D = Time resting spent in this place.
 E = Time spent auto-exploring this place.
 F = Levels seen in this place.
 G = Mean time per level.
                   A        B        C        D        E       F      G
               +--------+--------+--------+--------+--------+-----+--------+
         Total |   3083 |   2886 |    197 |    353 |   1827 |   6 |  513.8 |
       Dungeon |   2999 |   2813 |    186 |    353 |   1827 |   5 |  599.8 |
        Temple |     83 |     72 |     11 |      0 |      0 |   1 |   83.0 |
               +--------+--------+--------+--------+--------+-----+--------+

Top non-repeatable levels by time:
     D:3: 861 daAuts
     D:1: 832 daAuts
     D:4: 691 daAuts
     D:2: 552 daAuts
  Temple: 83 daAuts
     D:5: 62 daAuts
